 Dungeon Crawl Stone Soup version 0.31-a0-997-g9a2f3ffc92 (webtiles) character file.

Game seed: 17876673234868161410

5 Dirtsage the Covered (level 1, 20/20 HPs)
             Began as a Minotaur Fighter on Nov 7, 2023.
             Quit the game on level 1 of the Dungeon.
             The game lasted 00:00:15 (168 turns).

Dirtsage the Covered (Minotaur Fighter)              Turns: 168, Time: 00:00:16

Health: 20/20      AC:  7    Str: 20    XL:     1   Next: 66%
Magic:  0/0        EV:  9    Int:  5    God:
Gold:   21         SH:  4    Dex:  9    Spells: 0/0 levels left

rFire   . . .        a - +0 long sword
rCold   . . .        c - +0 buckler
rNeg    . . .        b - +0 scale mail
rPois   .            (helmet restricted)
rElec   .            (no cloak)
rCorr   .            (no gloves)
SInv    .            (no boots)
Will    .....        (no amulet) Stlth
                     (no ring)
HPRegen 0.23/turn    (no ring)
MPRegen 0.07/turn

%: no passive effects
@: no status effects
A: horns 2, retaliatory headbutt
a: no special abilities


You were on level 1 of the Dungeon.
You visited 1 branch of the dungeon, and saw 1 of its levels.

You collected 21 gold pieces.

Inventory:

Hand Weapons
 a - a +0 long sword (weapon)
Armour
 b - a +0 scale mail (worn)
 c - a +0 buckler (worn)
Potions
 d - a potion of might


   Skills:
 + Level 3.7 Fighting
 + Level 2.6 Long Blades
 + Level 3.7 Armour
 + Level 3.7 Shields


You couldn't memorise any spells.
You didn't know any spells.
Your spell library was empty.

Dungeon Overview and Level Annotations

Branches:
Dungeon (1/15)

Altars:


Innate Abilities, Weirdness & Mutations

You have a pair of horns on your head.
You reflexively headbutt those who attack you in melee.


Message History

The goblin is almost dead.
The goblin barely misses you.
You closely miss the goblin.
The goblin is almost dead.
The goblin hits you but does no damage. The goblin barely misses you.
You closely miss the goblin.
The goblin is almost dead.
The goblin barely misses you. The goblin closely misses you. x2
The goblin misses you.
You slash the goblin!
You kill the goblin!
The goblin hits you but does no damage.
You hit the goblin.
You kill the goblin!
You see here a +0 club.
HP restored.
You now have 13 gold pieces (gained 5).
You open the door.
Found an escape hatch in the floor.
Health restored: 20 You open the door.
There is an open door here.
A bat comes into view.
The bat hits you but does no damage.
You miss the bat. You headbutt the bat.
You kill the bat!
No target in view!
No target in view!
A quokka comes into view.
You see here 8 gold pieces.
The quokka bites you but does no damage.
You barely miss the quokka. The quokka bites you.
You take 3 damage, and have 17/20 hp.
You barely miss the quokka. You headbutt the quokka.
You kill the quokka!
No target in view!
You now have 21 gold pieces (gained 8).
A rat comes into view.
Health restored: 20 Are you sure you want to abandon this character and quit the game? (Confirm with "yes".)

≈≈≈≈≈≈≈≈~~..#
≈≈≈≈≈≈≈~≈~~.# .#
≈#####≈≈≈≈~.## r## #
##≈≈≈~..#####...## #
#≈≈≈~~..........# +
#≈≈≈≈~.#####...# #
#≈≈≈~~........# #
#≈≈≈~.....#...#### ~
#≈≈≈~~..##.@.......
≈
≈≈≈≈≈~~..####...####
≈ ≈≈≈≈≈≈~... ...# ≈
≈≈≈~~..## ##.# ≈
≈≈≈~~.. .# ≈ ≈~~...
. ≈ # ≈


You could see a rat.

Vanquished Creatures
  A ball python (D:1)
  A quokka (D:1)
  A bat (D:1)
  2 goblins (D:1)
5 creatures vanquished.

Notes
Turn   | Place    | Note
-------+----------+-------------------------------------------
     0 | D:1      | Dirtsage the Minotaur Fighter began the quest for the Orb.
     0 | D:1      | Reached XP level 1. HP: 19/19 MP: 0/0
   168 | D:1      | Quit the game

Illustrated notes

Levels and vault maps discovered:
D:1:      minmay_arrival_shoal_huts, layout_loops_corners,
          chequers_ecumenical_altar_simple_redux, minmay_quantized

Action                     || total
---------------------------++-------
  Melee: Long sword        ||    12
         Headbutt          ||     2
 Armour: Scale mail        ||    11
  Dodge: Dodged            ||     8

Table legend: (Time is in decaauts)
 A = Elapsed time spent in this place.
 B = Non-inter-level travel time spent in this place.
 C = Inter-level travel time spent in this place.
 D = Time resting spent in this place.
 E = Time spent auto-exploring this place.
 F = Levels seen in this place.
 G = Mean time per level.
                   A        B        C        D        E       F      G
               +--------+--------+--------+--------+--------+-----+--------+
         Total |    171 |    171 |      0 |      0 |    143 |   1 |  171.0 |
       Dungeon |    171 |    171 |      0 |      0 |    143 |   1 |  171.0 |
               +--------+--------+--------+--------+--------+-----+--------+

Top non-repeatable levels by time:
     D:1: 171 daAuts
